 Dungeon Crawl Stone Soup version 0.31-a0-45-g5f0c076935 (webtiles) character file.

Game seed: 16186213597090218029

16233 pokeman the Eclecticist (level 12, -1/62 HPs)
             Began as a Deep Elf Hedge Wizard on May 21, 2023.
             Was a High Priest of Vehumet.
             Slain by a vampire (9 damage)
             ... on level 12 of the Dungeon on May 22, 2023.
             The game lasted 00:48:00 (14317 turns).

pokeman the Eclecticist (Deep Elf Hedge Wizard)    Turns: 14317, Time: 00:48:01

Health: -1/62      AC: 12    Str:  7    XL:     12   Next: 8%
Magic:  22/34      EV: 13    Int: 28    God:    Vehumet [*****.]
Gold:   639        SH:  0    Dex: 14    Spells: 27/43 levels left

rFire   + . .        P - +0 shortbow (elec)
rCold   . . .        (shield currently unavailable)
rNeg    . . .        N - +0 steam dragon scales
rPois   +            y - +1 helmet {Int+3}
rElec   .            p - +2 cloak
rCorr   .            w - +0 pair of gloves
SInv    .            (no boots)
Will    +....        T - amulet of magic regeneration
Stlth   ++           i - ring of protection from fire
HPRegen 0.30/turn    o - ring of poison resistance
MPRegen 0.64/turn

%: no passive effects
@: no status effects
A: no striking features
a: Renounce Religion


You were on level 12 of the Dungeon.
You worshipped Vehumet.
Vehumet was extremely pleased with you.
You visited 1 branch of the dungeon, and saw 12 of its levels.

You collected 889 gold pieces.
You spent 250 gold pieces at shops.

Inventory:

Hand Weapons
 c - a +4 quarterstaff of chaos
 L - a +2 dagger of venom
 P - a +0 shortbow of electrocution (weapon)
Armour
 p - a +2 cloak (worn)
 w - a +0 pair of gloves (worn)
 x - a +2 ring mail of poison resistance
 y - a +1 helmet of intelligence (worn)
 z - the +0 robe of Tenacity {Str-4 Dex+5}
   (You bought it in a shop on level 3 of the Dungeon)

   Str:       It affects your strength (-4).
   Dex:       It affects your dexterity (+5).
 C - a +1 leather armour of fire resistance
 G - a +0 buckler
 N - +0 steam dragon scales (worn)
 V - +0 acid dragon scales
Magical Staves
 O - a staff of death
Jewellery
 h - a ring of ice
 i - a ring of protection from fire (left hand)
 o - a ring of poison resistance (right hand)
 B - an amulet of reflection
 F - a +6 ring of intelligence
 Q - a ring of willpower
 S - a ring of wizardry
 T - an amulet of magic regeneration (around neck)
 U - a ring of willpower
Wands
 m - a wand of light (3)
 K - a wand of iceblast (10)
 W - a wand of mindburst (10)
 X - a wand of flame (11)
Scrolls
 a - 4 scrolls of blinking
 e - 4 scrolls of fear {unknown}
 f - 3 scrolls of magic mapping {unknown}
 g - a scroll of acquirement {unknown}
 k - 2 scrolls of fog {unknown}
 l - 9 scrolls of identify
 r - 7 scrolls of teleportation {unknown}
 s - 3 scrolls of enchant armour {unknown}
 D - 2 scrolls of enchant weapon {unknown}
 J - 2 scrolls of vulnerability {unknown}
 M - a scroll of poison {unknown}
 R - 2 scrolls of immolation {unknown}
Potions
 b - 4 potions of attraction {unknown}
 d - 4 potions of magic
 j - 2 potions of lignification {unknown}
 n - 5 potions of might {unknown}
 q - 3 potions of curing {unknown}
 t - 5 potions of brilliance {unknown}
 u - a potion of ambrosia {unknown}
 A - a potion of resistance {unknown}
 E - 3 potions of heal wounds
 H - 2 potions of invisibility {unknown}
 I - 2 potions of degeneration {unknown}
Miscellaneous
 v - a piece from Xom's chessboard (15/15)


   Skills:
 - Level 2.1 Fighting
 - Level 3.0 Armour
 - Level 3.1 Dodging
 - Level 3.0 Stealth
 + Level 5.8 Shields
 * Level 16.3 Spellcasting
 + Level 10.5 Conjurations
 - Level 7.1 Summonings
 + Level 6.0 Necromancy
 - Level 1.1 Translocations
 - Level 1.0 Air Magic
 - Level 1.0 Poison Magic
 - Level 1.0 Evocations


You had 27 spell levels left.
You knew the following spells:

 Your Spells              Type           Power      Damage    Failure   Level
a - Magic Dart            Conj           100%       1d8       1%          1
b - Mephitic Cloud        Conj/Pois/Air  46%        N/A       1%          3
c - Call Imp              Summ           100%       N/A       1%          2
d - Blink                 Tloc           58%        N/A       1%          2
e - Airstrike             Air            14%        2d(2-18)  4%          4
f - Iskenderun's Mystic   Conj/Tloc      53%        2d11      1%          4

Your spell library contained the following spells:

 Spells                   Type           Power      Damage    Failure   Level
 Ozocubu's Refrigeration  Ice            11%        4d9       98%         7
 Kiss of Death            Conj/Necr      100%       2d13      1%          1
 Sting                    Tmut/Pois      100%       1d8       1%          1
 Cigotuvi's Dreadful Rot  Necr/Pois/Air  74%        N/A       1%          2
 Lesser Beckoning         Tloc           58%        N/A       1%          2
 Momentum Strike          Conj/Tloc      100%       3d10      1%          2
 Poisonous Vapours        Pois/Air       56%        N/A       1%          2
 Static Discharge         Conj/Air       100%       2-7/arc   1%          2
 Dazzling Flash           Conj/Hex       100%       N/A       1%          3
 Dispel Undead            Necr           54%        3d20      1%          4
 Beastly Appendage        Tmut           44%        N/A       2%          1
 Slow                     Hex            88%        N/A       2%          1
 Ensorcelled Hibernation  Hex/Ice        44%        N/A       3%          2
 Passwall                 Tmut/Erth      18%        N/A       3%          2
 Wereblood                Tmut           22%        N/A       3%          2
 Gell's Gravitas          Tloc           29%        N/A       4%          3
 Swiftness                Air            28%        N/A       4%          3
 Teleport Other           Tloc           29%        N/A       4%          3
 Olgreb's Toxic Radiance  Pois           28%        N/A       4%          4
 Summon Lightning Spire   Summ/Air       45%        N/A       4%          4
 Agony                    Necr           54%        N/A       4%          5
 Spider Form              Tmut/Pois      25%        N/A       5%          3
 Confusing Touch          Hex            22%        N/A       6%          3
 Lee's Rapid Deconstruct  Erth           11%        3d8*      16%         5
 Leda's Liquefaction      Hex/Erth       11%        N/A       22%         4
 Silence                  Hex/Air        12%        N/A       43%         5
 Statue Form              Tmut/Erth      14%        N/A       97%         6


Dungeon Overview and Level Annotations

Branches:
Dungeon (12/15)            Temple (0/1) D:5            Lair (0/5) D:9
    Orc (0/2) D:9

Altars:
Ashenzari
Cheibriados
Dithmenos
Gozag
Kikubaaqudgha
Makhleb
Nemelex Xobeh
Okawaru
Qazlal
Ru
Uskayaw
Vehumet
Yredelemnul
Zin
The Shining One

Shops:
D:3 [   D:11 [

Portals:
Ice
Cave: D:12

Annotations:
D:4 3 runed translucent doors, subawu's ghost, amateur DrCK
D:7 2 transporters, dig to mobs
D:9 Gastronok
D:11 3 runed translucent doors, Gold behind rock


Message History

You're too confused to cast spells.
Unknown command.
Unknown command.
You feel much better.
You feel less confused. Something hits you.
Something bites you but does no damage.
Casting: Airstrike (dangerous; 4% risk of failure)
Confirm with . or Enter, or press ? or * to list all spells.
You blink.
Casting: Blink (safe; 1% risk of failure)
Confirm with . or Enter, or press ? or * to list all spells.
Aiming: Airstrike (dangerous; 4% risk of failure)
Press: ? - help, Dir - move target
Aim: Disturbance (translocational energy)
The air twists around and strikes something!
You hear some strange, mumbled words.
You are confused.
Unknown command.
You bump into the rock wall.
You hear some strange, mumbled words.
Something tries to affect you, but you resist.
You feel stable enough to blink again.
You're too confused to cast spells.
Okay, then.
Unknown command.
You are too confused!
Unknown command.
Unknown command.
You're too confused to move!
Something draws life force from you!!
* * * LOW HITPOINT WARNING * * *
Unknown command.
You bump into the rock wall.
You feel less confused. Something hits you.
* * * LOW HITPOINT WARNING * * *
Something bites you.
* * * LOW HITPOINT WARNING * * *
Something draws strength from your injuries!
Something hits you!
You die...

.....)...#
.......).#
.........#
#######..# #..#
#..# #..# #..#
#############@.#
.......<<......#
##############.#
.# .# .# .# .#


There were no monsters in sight!

Vanquished Creatures
  Snorg (D:12)
  A two-headed ogre (D:11)
  A boulder beetle (D:11)
  A skeletal warrior (D:12)
  Pikel (D:7)
  A deep elf pyromancer (D:12)
  2 ugly things (D:8)
  An unseen horror (D:11)
  A kobold demonologist (D:11)
  2 komodo dragons
  2 trolls (D:8)
  Grinder (D:6)
  Sigmund (D:3)
  A meliai zombie (D:10)
  3 wraiths
  4 yaks
  Grum (D:8)
  3 steam dragons
  3 vampire mosquitoes (D:11)
  Edmund (D:4)
  An acid dragon (D:11)
  4 water moccasins
  3 sky beasts (D:8)
  3 ice beasts
  5 black bears (D:9)
  4 ogres
  3 wolves (D:8)
  3 centaurs
  2 lemures (D:7)
  9 kobold brigands
  3 gnoll sergeants
  8 bullfrogs
  3 scorpions
  8 wights
  9 killer bees (D:11)
  3 howler monkeys (D:9)
  A lava snake (D:10)
  8 centaur zombies (D:10)
  Crazy Yiuf (D:4)
  3 jellies (D:6)
  4 hounds
  6 orc priests
  3 iron imps (D:9)
  2 sleepcaps
  Terence (D:3)
  2 iguanas
  5 orc wizards
  A mummy (D:9)
  2 howler monkey zombies (D:10)
  18 gnolls
  12 adders
  3 shadow imps
  14 white imps
  3 dart slugs
  3 worms
  24 orcs
  9 bats
  6 endoplasms
  4 giant cockroaches
  5 goblins
  9 hobgoblins
  7 jackals
  A quokka (D:5)
  5 ball pythons
  6 frilled lizards
  40 kobolds
  12 kobold skeletons (D:11)
  6 kobold zombies (D:11)
  2 rats
331 creatures vanquished.

Vanquished Creatures (collateral kills)
  An ice beast (D:6)
  An endoplasm (D:3)
2 creatures vanquished.

Vanquished Creatures (others)
  A human (D:10)
  A kobold brigand (D:11)
2 creatures vanquished.

Grand Total: 335 creatures vanquished

Notes
Turn   | Place    | Note
-------+----------+-------------------------------------------
     0 | D:1      | pokeman the Deep Elf Hedge Wizard began the quest for the
                  | Orb.
     0 | D:1      | Reached XP level 1. HP: 10/10 MP: 7/7
   297 | D:1      | Reached XP level 2. HP: 15/15 MP: 3/9
  1074 | D:2      | Reached skill level 5 in Spellcasting
  1157 | D:2      | Reached XP level 3. HP: 19/20 MP: 3/11
  1161 | D:2      | Learned a level 3 spell: Mephitic Cloud
  1164 | D:2      | Learned a level 2 spell: Call Imp
  1167 | D:2      | Learned a level 2 spell: Blink
  1268 | D:2      | Reached skill level 1 in Armour
  1523 | D:2      | Reached skill level 1 in Fighting
  1758 | D:2      | Found a radiant altar of Vehumet.
  1766 | D:2      | Became a worshipper of Vehumet
  1849 | D:2      | Noticed an ogre
  1958 | D:2      | Killed an ogre
  1959 | D:2      | Reached skill level 6 in Spellcasting
  1959 | D:2      | Reached XP level 4. HP: 25/25 MP: 0/14
  1959 | D:2      | Reached XP level 5. HP: 29/29 MP: 0/15
  2391 | D:3      | Found Ganlu's Antique Armour Shoppe.
  2443 | D:3      | Noticed Sigmund
  2462 | D:3      | Killed Sigmund
  2463 | D:3      | Reached XP level 6. HP: 34/34 MP: 12/17
  2794 | D:3      | Reached skill level 5 in Conjurations
  3073 | D:3      | Reached * piety under Vehumet
  3073 | D:3      | Offered knowledge of Shock by Vehumet.
  3074 | D:3      | Reached skill level 1 in Poison Magic
  3074 | D:3      | Reached skill level 1 in Evocations
  3180 | D:3      | Reached skill level 1 in Air Magic
  3708 | D:3      | Noticed Terence
  3749 | D:3      | Killed Terence
  3994 | D:3      | Reached XP level 7. HP: 33/38 MP: 12/19
  4041 | D:4      | Noticed Grinder
  4098 | D:4      | Found a runed translucent door.
  4099 | D:4      | Noticed Crazy Yiuf
  4406 | D:3      | Bought a runed helmet for 142 gold pieces
  4406 | D:3      | Bought a distressingly furry robe for 108 gold pieces
  4406 | D:3      | Identified the +0 robe of Tenacity {Str-4 Dex+5} (You
                  | bought it in a shop on level 3 of the Dungeon)
  4614 | D:4      | Found a runed translucent gate.
  4614 | D:4      | Found a runed translucent gate.
  4616 | D:4      | Found a runed translucent gate.
  4616 | D:4      | Noticed subawu's ghost (amateur DrCK)
  4692 | D:4      | Reached skill level 7 in Spellcasting
  4928 | D:4      | Found an iron altar of Okawaru.
  4928 | D:4      | Found a shadowy altar of Dithmenos.
  5068 | D:4      | Noticed Edmund
  5088 | D:4      | Killed Edmund
  5134 | D:4      | Found a stormy altar of Qazlal.
  5285 | D:4      | Killed Crazy Yiuf
  5286 | D:4      | Reached skill level 8 in Spellcasting
  5331 | D:5      | Entered Level 5 of the Dungeon
  5364 | D:5      | Found a staircase to the Ecumenical Temple.
  5411 | D:5      | Reached XP level 8. HP: 44/44 MP: 19/22
  5418 | D:5      | Offered knowledge of Sandblast by Vehumet.
  5420 | D:5      | Reached ** piety under Vehumet
  5823 | D:5      | Reached skill level 9 in Spellcasting
  6008 | D:5      | Found a hide-covered altar of Uskayaw.
  6024 | D:5      | Found a broken altar of Ashenzari.
  6519 | D:6      | Paralysed by Grinder for 2 turns
  6525 | D:6      | Killed Grinder
  6528 | D:6      | Offered knowledge of Hailstorm by Vehumet.
  6529 | D:6      | Reached skill level 10 in Spellcasting
  6568 | D:6      | Reached XP level 9. HP: 38/48 MP: 19/25
  6796 | D:6      | Reached *** piety under Vehumet
  7243 | D:6      | Reached skill level 1 in Shields
  7243 | D:6      | Reached skill level 5 in Summonings
  7388 | D:7      | Noticed Pikel
  7402 | D:7      | Killed Pikel
  7403 | D:7      | Reached skill level 11 in Spellcasting
  7457 | D:7      | Found a sacrificial altar of Ru.
  7649 | D:7      | Noticed a kobold demonologist
  7727 | D:7      | Noticed a cyclops
  7730 | D:7      | Found a glowing silver altar of Zin.
  7730 | D:7      | Found a transporter.
  7730 | D:7      | Noticed a troll
  7758 | D:7      | Found a transporter.
  7921 | D:7      | Offered knowledge of Inner Flame by Vehumet.
  8566 | D:8      | Reached skill level 12 in Spellcasting
  8759 | D:8      | Noticed a brown ugly thing
  8766 | D:8      | Noticed a troll
  8775 | D:8      | Noticed a troll
  8783 | D:8      | Noticed a cyan ugly thing
  8786 | D:8      | Killed a troll
  8806 | D:8      | Reached XP level 10. HP: 28/53 MP: 17/28
  8917 | D:8      | Noticed Grum
  8936 | D:8      | Killed Grum
  9222 | D:8      | Learned a level 4 spell: Airstrike
  9762 | D:8      | Killed a cyan ugly thing
  9763 | D:8      | Reached skill level 13 in Spellcasting
  9972 | D:8      | Killed a brown ugly thing
 10182 | D:9      | Identified the +0 chain mail "Visudghey" {Drain rC+ Regen+
                  | Int+5}
 10213 | D:9      | Reached **** piety under Vehumet
 10401 | D:9      | Reached skill level 1 in Necromancy
 10417 | D:9      | Offered knowledge of Iskenderun's Mystic Blast by Vehumet.
 10428 | D:9      | Learned a level 4 spell: Iskenderun's Mystic Blast
 10463 | D:9      | Found a snail-covered altar of Cheibriados.
 10471 | D:9      | Noticed Gastronok
 10586 | D:9      | Found a staircase to the Lair.
 10625 | D:9      | Found a staircase to the Orcish Mines.
 10675 | D:9      | Found a burning altar of Makhleb.
 10691 | D:9      | Reached skill level 14 in Spellcasting
 10993 | D:9      | Found a sparkling altar of Nemelex Xobeh.
 11589 | D:10     | Entered Level 10 of the Dungeon
 11621 | D:10     | Found an ancient bone altar of Kikubaaqudgha.
 11683 | D:10     | Reached XP level 11. HP: 26/57 MP: 22/31
 12326 | D:10     | Found a basalt altar of Yredelemnul.
 12733 | D:10     | Reached skill level 15 in Spellcasting
 12792 | D:10     | Found a glowing golden altar of the Shining One.
 12980 | D:11     | Found a runed translucent gate.
 12980 | D:11     | Found a runed translucent gate.
 12980 | D:11     | Found a runed translucent gate.
 12980 | D:11     | Found Says's Antique Armour Boutique.
 12982 | D:11     | a floating eye changed into a fire crab
 12982 | D:11     | Noticed a fire crab (glowing shapeshifter)
 12997 | D:11     | Noticed a purple ugly thing
 12997 | D:11     | Noticed a purple ugly thing
 12997 | D:11     | Noticed a green ugly thing
 12997 | D:11     | a redback changed into a death drake
 12997 | D:11     | Noticed a death drake (glowing shapeshifter)
 12997 | D:11     | Noticed a brown ugly thing
 12998 | D:11     | Noticed a purple ugly thing
 13002 | D:11     | a death drake changed into a jumping spider
 13008 | D:11     | Noticed a two-headed ogre
 13010 | D:11     | a cyclops changed into a death drake
 13010 | D:11     | Noticed a death drake (glowing shapeshifter)
 13022 | D:11     | Killed a two-headed ogre
 13023 | D:11     | Reached skill level 5 in Shields
 13067 | D:11     | Found an opulent altar of Gozag.
 13069 | D:11     | Found an opulent altar of Gozag.
 13069 | D:11     | Found an opulent altar of Gozag.
 13312 | D:11     | Found an opulent altar of Gozag.
 13325 | D:11     | Noticed a boulder beetle
 13367 | D:11     | Reached ***** piety under Vehumet
 13367 | D:11     | Offered knowledge of Ozocubu's Refrigeration by Vehumet.
 13390 | D:11     | Reached skill level 10 in Conjurations
 13558 | D:11     | Reached skill level 5 in Necromancy
 13668 | D:11     | Killed a boulder beetle
 13763 | D:11     | Found an ancient bone altar of Kikubaaqudgha.
 14192 | D:12     | Noticed Snorg
 14199 | D:12     | Killed Snorg
 14200 | D:12     | Reached skill level 16 in Spellcasting
 14208 | D:12     | Noticed a skeletal warrior
 14212 | D:12     | Noticed a skeletal warrior
 14213 | D:12     | Noticed a skeletal warrior
 14214 | D:12     | Noticed a skeletal warrior
 14215 | D:12     | Noticed a skeletal warrior
 14216 | D:12     | Killed a skeletal warrior
 14217 | D:12     | Reached XP level 12. HP: 55/62 MP: 10/34
 14271 | D:12     | Found a frozen archway.
 14317 | D:12     | Slain by a vampire

Illustrated notes

Levels and vault maps discovered:
D:1:      dpeg_arrival_orchard, layout_basic
D:2:      layout_loops_corners, basic_altar, dk_noncrumbling_4,
          minmay_indecisive_spiral
D:3:      wad_river_or_something, layout_basic, serial_shops,
          nicolae_shop_competitors_out_of_business, nicolae_titane,
          uniq_terence, uniq_sigmund
D:4:      layout_cave_pools, nicolae_qazlal_general_emergency,
          nicolae_overflow_two_pavilions, gammafunk_ghost_nasty_kobolds,
          nrook_loot_triangle, uniq_crazy_yiuf_cottage, uniq_grinder,
          uniq_edmund
D:5:      layout_cave_pools, nicolae_uskayaw_murder_on_the_dancefloor,
          nicolae_ashenzari_panopticon, minmay_temple_entry_offerings
D:6:      layout_basic
D:7:      layout_basic, nicolae_ru_sacrificial_ziggurat,
          gammafunk_temple_overflow_arena, lightli_corner_chamber, uniq_pikel
D:8:      layout_cave_pods, minmay_diamond_spiral, uniq_grum
D:9:      layout_roguey, slow_altar_1, demons_altar, nemelex_altar_shiori,
          due_lair_maze_entry_diamond, orc_0_dummy, minmay_misc_feat_chi,
          uniq_gastronok
D:10:     layout_stronghold, tso_altar, nicolae_yredelemnul_corpse_copse,
          tgw_kikubaaqudgha, nicolae_kite_square_tiling_tiny
D:11:     wander_kiku_kobolds, layout_loops_ring,
          ploomutoo_gammafunk_ghost_potion_laboratory, serial_shops,
          nicolae_shop_tiny_statue_garden, nicolae_gozag_conspicuous_consumption
D:12:     layout_long_grid, portal_ice_cave_entry_imps, serial_shops, shop,
          kb_rosetta, uniq_snorg, uniq_sonja

Skill      XL: |  1  2  3  4  5  6  7  8  9 10 11 12 |
---------------+-------------------------------------+-----
Spellcasting   | 5 6 8 10 12 14 16 | 16.3
Armour         | 1 2 3 |  3.0
Fighting       | 1 2 |  2.1
Conjurations   | 2 4 5 6 8 9 10 | 10.5
Dodging        | 3 |  3.1
Stealth        | 3 |  3.0
Poison Magic   | 1 |  1.0
Evocations     | 1 |  1.0
Air Magic      | 1 |  1.0
Summonings     | 2 4 6 7 |  7.1
Shields        | 2 4 5 |  5.8
Necromancy     | 2 5 6 |  6.0
Translocations | |  1.1

Action                     |  1- 3 |  4- 6 |  7- 9 | 10-12 || total
---------------------------+-------+-------+-------+-------++-------
  Melee: Dagger            |    15 |     8 |       |       ||    23
         Shortbow          |       |       |       |     2 ||     2
   Fire: Sling             |       |    11 |   322 |    28 ||   361
         Shortbow          |       |       |       |   325 ||   325
  Throw: Dart              |     8 |       |       |       ||     8
   Cast: Magic Dart        |    90 |    73 |   156 |    78 ||   397
         Mephitic Cloud    |     3 |     3 |    40 |    53 ||    99
         Call Imp          |     1 |     3 |    10 |     1 ||    15
         Blink             |       |     2 |    16 |     6 ||    24
         Airstrike         |       |       |       |    69 ||    69
         Iskenderun's Myst |       |       |       |    34 ||    34
  Evoke: Wand              |       |       |     1 |     1 ||     2
    Use: Scroll            |       |       |       |     2 ||     2
         Potion            |       |       |       |     1 ||     1
   Stab: Confused          |       |     3 |       |       ||     3
 Armour: Robe              |     7 |     5 |    27 |       ||    39
         Leather armour    |       |       |    25 |     7 ||    32
         Steam dragon scal |       |       |       |   140 ||   140
  Dodge: Dodged            |    19 |    14 |   126 |   179 ||   338
  Block: Other             |       |       |    35 |    16 ||    51
         Reflection        |       |       |       |     1 ||     1

Table legend: (Time is in decaauts)
 A = Elapsed time spent in this place.
 B = Non-inter-level travel time spent in this place.
 C = Inter-level travel time spent in this place.
 D = Time resting spent in this place.
 E = Time spent auto-exploring this place.
 F = Levels seen in this place.
 G = Mean time per level.
                   A        B        C        D        E       F      G
               +--------+--------+--------+--------+--------+-----+--------+
         Total |  14684 |  13738 |    946 |    797 |   9714 |  12 | 1223.7 |
       Dungeon |  14684 |  13738 |    946 |    797 |   9714 |  12 | 1223.7 |
               +--------+--------+--------+--------+--------+-----+--------+

Top non-repeatable levels by time:
     D:3: 1832 daAuts
     D:8: 1782 daAuts
    D:10: 1718 daAuts
     D:2: 1490 daAuts
     D:4: 1335 daAuts
     D:9: 1292 daAuts
     D:7: 1260 daAuts
    D:11: 1037 daAuts
     D:5: 979 daAuts
     D:6: 973 daAuts
     D:1: 885 daAuts
    D:12: 98 daAuts
